 Dungeon Crawl Stone Soup version 0.27.1-33-g824d729ab1 (webtiles) character file.

Game seed: 15681209088805389926

19 zeram the Shield-Bearer (level 2, -3/19 HPs)
             Began as a Gargoyle Fighter on Dec 14, 2021.
             Frozen to death by an endoplasm (5 damage)
             ... on level 1 of the Dungeon.
             The game lasted 00:00:39 (576 turns).

zeram the Shield-Bearer (Gargoyle Fighter)           Turns: 576, Time: 00:00:39

Health: -3/19      AC:  9    Str: 19    XL:     2   Next: 75%
Magic:  2/2        EV:  7    Int:  8    God:
Gold:   49         SH:  9    Dex:  9    Spells: 1/1 levels left

rFire    . . .     SeeInvis .   a - +0 flail
rCold    . . .     Faith    .   c - +0 kite shield
rNeg     + . .     Spirit   .   b - +0 scale mail
rPois    ∞         Reflect  .   (no helmet)
rElec    +         Harm     .   (no cloak)
rCorr    .         Rampage  .   (no gloves)
Will     .....                  (no boots)
Stlth    ..........             (no amulet)
HPRegen  0.06/turn              (no ring)
MPRegen  0.08/turn              (no ring)

@: mighty
A: sickness immunity, AC +2, negative energy resistance 1, electricity
resistance, torment resistance 1, petrification resistance
a: no special abilities


You were on level 1 of the Dungeon.
You visited 1 branch of the dungeon, and saw 1 of its levels.

You collected 49 gold pieces.

Inventory:

Hand Weapons
 a - a +0 flail (weapon)
Armour
 b - a +0 scale mail (worn)
 c - a +0 kite shield (worn)
Scrolls
 e - a scroll of identify {unknown}


   Skills:
 + Level 3.5 Fighting
 + Level 2.2 Maces & Flails
 + Level 3.4 Armour
 + Level 3.7 Shields


You had one spell level left.
You didn't know any spells.
Your spell library contained the following spells:

 Spells                   Type           Power      Damage    Failure   Level
 Sting                    Tmut/Pois      0%         1d3       99%         1
 Poisonous Vapours        Pois/Air       0%         N/A       100%        2
 Olgreb's Toxic Radiance  Pois           0%         N/A       100%        4


Dungeon Overview and Level Annotations

Branches:
Dungeon (1/15)

Altars:


Innate Abilities, Weirdness & Mutations

You are immune to sickness and miasma.
Your stone body is resilient. (AC +2)
You are immune to poison.
You resist negative energy. (rN+)
You are resistant to electric shocks. (rElec)
You are resistant to unholy torment.
You are immune to petrification.


Message History

You are too injured to fight recklessly!
You are too injured to fight recklessly!
The jackal bites you but does no damage.
You block the jackal's attack. The jackal closely misses you.
The jackal bites you but does no damage.
You sock the jackal!
You kill the jackal!
The jackal closely misses you. The jackal barely misses you.
You barely miss the jackal. The jackal bites you.
You block the jackal's attack.
You closely miss the jackal.
The jackal bites you but does no damage.
A frilled lizard comes into view.
The jackal bites you.
You closely miss the jackal.
The frilled lizard hisses angrily.
The jackal bites you but does no damage.
The jackal bites you.
* * * LOW HITPOINT WARNING * * *
You hit the jackal but do no damage. You block the jackal's attack. x2
You closely miss the jackal. You block the jackal's attack.
The jackal closely misses you.
You barely miss the jackal.
The jackal bites you but does no damage. x2
The frilled lizard bites you but does no damage.
The jackal bites you but does no damage.
You sock the frilled lizard!
You kill the frilled lizard!
The jackal bites you.
* * * LOW HITPOINT WARNING * * *
The jackal bites you.
* * * LOW HITPOINT WARNING * * *
You feel very mighty all of a sudden.
The jackal bites you but does no damage.
You sock the jackal!
You kill the jackal!
The endoplasm freezes you.
You are frozen.
You die...

#.# #.## ####### #.#.
#.....# #.#.
..#.#.....##############.#
......††..$....>.........#
..#.#.....Jw....##########
######J####.# #@# #.# #†#
#.# ... #.# #. ##.#. #.#
#. ....#..# #. #.. # #.
... ####### #. .#..
###.(((.####.
##.((.((((.##.


You could see a dart slug and 2 endoplasms.

Vanquished Creatures
  2 endoplasms (D:1)
  2 giant cockroaches (D:1)
  3 goblins (D:1)
  6 jackals (D:1)
  A ball python (D:1)
  A bat (D:1)
  2 frilled lizards (D:1)
17 creatures vanquished.

Notes
Turn   | Place    | Note
-------+----------+-------------------------------------------
     0 | D:1      | zeram the Gargoyle Fighter began the quest for the Orb.
     0 | D:1      | Reached XP level 1. HP: 14/14 MP: 1/1
   119 | D:1      | Reached XP level 2. HP: 12/19 MP: 2/2
   576 | D:1      | Frozen to death by an endoplasm

Illustrated notes

Levels and vault maps discovered:
D:1:      minmay_arrival_shattered_statue, layout_basic

Action                   || total
-------------------------++-------
Melee: Flail             ||    58
  Use: Potion            ||     1
Armor: Scale mail        ||    52
Dodge: Dodged            ||    28
Block: Kite shield       ||    35
